[Event "*** Titled Tuesday Blitz"]
[Site "Chess.com"]
[Date "2018.04.03"]
[Round "10"]
[White "Divertissement"]
[Black "Mikhail_Golubev"]
[Result "1/2-1/2"]
[WhiteElo "2446"]
[BlackElo "2338"]
[TimeControl "180+2"]
[EndTime "15:13:13 PDT"]
[Termination "Game drawn by agreement"]

1. d4 Nf6 2. Nf3 d6 3. Bg5 Nbd7 4. Nbd2 e5 5. c3 Be7 6. e4 h6 7. Bh4 exd4 8. cxd4 Nxe4 9. Nxe4 Bxh4 10. g3 Be7 11. Bg2 O-O 12. O-O d5 13. Nc3 c6 14.
Rb1 a5 15. a3 Nf6 16. b4 axb4 17. axb4 Bf5 18. Rb3 b5 19. Ne5 Qb6 20. g4 Bh7 21. f4 Be4 22. g5 hxg5 23. fxg5 Nh7 24. Nxe4 dxe4 25. Nd7 Qa7 26. Nxf8 Nxg5 27. h4 Nf3+ 28. Bxf3 exf3 29. Rbxf3 Rxf8 30. Kg2 Bxb4 31. d5 Qa2+ 32.
R1f2 Qxd5 33. Qxd5 cxd5 34. Rb2 Be7 35. Rxb5 Rd8 36. Rb7 Bxh4 37. Rfxf7 Bf6 38. Rfd7 Rxd7 39. Rxd7 d4 40. Kf3 1/2-1/2

[Event "*** Titled Tuesday Blitz"]
[Site "Chess.com"]
[Date "2018.04.03"]
[Round "10"]
[White "SamCopeland"]
[Black "XiaoKangZhong"]
[Result "1-0"]
[WhiteElo "2020"]
[BlackElo "2009"]
[TimeControl "180+2"]
[EndTime "15:13:20 PDT"]
[Termination "SamCopeland won by checkmate"]

1. e4 c5 2. Nf3 e6 3. d4 cxd4 4. Nxd4 Nc6 5. Nb5 d6 6. Bf4 e5 7. Be3 a6 8. N5c3 Nge7 9. Be2 g6 10. Nd2 Bg7 11. Nc4 d5 12. Nxd5 Nxd5 13. Qxd5 Qxd5 14. exd5 Nb4 15. O-O-O Nxa2+ 16. Kb1 Nb4 17. Nb6 Rb8 18. Bc5 Nxc2 19. Kxc2 Bf5+ 20. Kb3 f6 21. d6 Kf7 22. Bc4+ Be6 23. d7 Rbd8 24. Rd6 Bxc4+ 25. Kxc4 Bf8 26. Rd2 Bxc5 27. Kxc5 Ke7 28. Rd6 Rhf8 29. Nd5+ Kf7 30. Rxf6+ Kg7 31. Rxf8 Rxf8 32. Kd6 e4 33. Rc1 b5 34.
Rc8 Rxf2 35. d8=Q e3 36. Qe7+ Rf7 37. Qxe3 Rd7+ 38. Kxd7 Kf7 39. Qe7# 1-0

[Event "*** Titled Tuesday Blitz"]
[Site "Chess.com"]
[Date "2018.04.03"]
[Round "10"]
[White "dimke2802"]
[Black "TrimitziosP7"]
[Result "1-0"]
[WhiteElo "2348"]
[BlackElo "2578"]
[TimeControl "180+2"]
[EndTime "15:13:22 PDT"]
[Termination "dimke2802 won by resignation"]

1. d4 d5 2. c4 c6 3. Nc3 Nf6 4. e3 a6 5. Qc2 b5 6. b3 g6 7.
Bd3 Bg7 8. Nf3 O-O 9. O-O Nbd7 10. Bb2 Re8 11. Rad1 Bb7 12. Rfe1 Rc8 13. e4 b4 14. Na4 Nxe4 15. Bxe4 dxe4 16. Qxe4 Qc7 17. c5 Nf6 18. Qe2 Nd5 19. Ne5 Rcd8 20. Nc4 Bc8 21. Nab6 Be6 22.
a3 Qb7 23. axb4 Nxb4 24. Qd2 Nd5 25. Qe2 Nc7 26. Na5 Qa8 27. Nxa8 Rxa8 28. Nxc6 Bxb3 29.
Ra1 Be6 30. d5 Nxd5 31. Bxg7 Kxg7 32. Rxa6 Rac8 33. Nd4 Bd7 34. c6 Bf5 35. Nxf5+ gxf5 36. Qe5+ Nf6 37. Qxf5 Rc7 38. g3 Rec8 39. h4 h6 40. g4 e6 41. Qe5 Kg6 42. h5+ Kg7 43. g5 hxg5 1-0

[Event "*** Titled Tuesday Blitz"]
[Site "Chess.com"]
[Date "2018.04.03"]
[Round "10"]
[White "Rodalquilar"]
[Black "Danny_The_Donkey"]
[Result "0-1"]
[WhiteElo "2492"]
[BlackElo "2658"]
[TimeControl "180+2"]
[EndTime "15:13:27 PDT"]
[Termination "Danny_The_Donkey won by checkmate"]

1. d4 Nf6 2. c4 e6 3. Nc3 Bb4 4. Qc2 c5 5. dxc5 O-O 6. a3 Bxc5 7. Nf3 Nc6 8. Bg5 Nd4 9. Nxd4 Bxd4 10. e3 Qa5 11.
exd4 Qxg5 12. Qd2 Qg4 13. h3 Qh5 14. c5 b6 15. Be2 Qg6 16. g4 Bb7 17. f3 Rac8 18.
b4 Nd5 19. Ne4 bxc5 20. dxc5 f5 21. Nd6 Qf6 22. O-O fxg4 23. Nxb7 Qh4 24. Bc4 Nf4 25. fxg4 Nxh3+ 26. Kg2 Qxg4+ 27. Kh2 Qxc4 28. Nd6 Qh4 29.
Nxc8 Nf2+ 30. Kg2 Qh3+ 31. Kg1 Qg3# 0-1

[Event "*** Titled Tuesday Blitz"]
[Site "Chess.com"]
[Date "2018.04.03"]
[Round "10"]
[White "Sebastian"]
[Black "Konavets"]
[Result "0-1"]
[WhiteElo "2798"]
[BlackElo "2789"]
[TimeControl "180+2"]
[EndTime "15:13:30 PDT"]
[Termination "Konavets won by resignation"]

1. e4 c5 2. Nf3 e6 3. d4 cxd4 4. Nxd4 a6 5. c4 Qc7 6. a3 Nf6 7. Nc3 b6 8. Be3 Bb7 9. f3 Be7 10. Be2 O-O 11. b4 d5 12. exd5 exd5 13. Nxd5 Bxd5 14.
cxd5 Nxd5 15. Nf5 Nxe3 16. Nxe3 Rd8 17. Qc1 Nc6 18. Kf2 Bf6 19. Ra2 Bd4 20. Kf1 Qf4 21. Qxc6 Qxe3 22. Bd1 Bc3 23. Be2 Rd1+ 0-1

[Event "*** Titled Tuesday Blitz"]
[Site "Chess.com"]
[Date "2018.04.03"]
[Round "10"]
[White "Entilza"]
[Black "matiss90"]
[Result "1-0"]
[WhiteElo "2204"]
[BlackElo "2344"]
[TimeControl "180+2"]
[EndTime "15:13:30 PDT"]
[Termination "Entilza won by resignation"]

1. d4 Nf6 2. c4 g6 3. Nc3 Bg7 4. e4 O-O 5. Nf3 d6 6. Be2 Na6 7. O-O e5 8. Re1 exd4 9. Nxd4 Re8 10. Bf1 Nc5 11. f3 a5 12. Bg5 h6 13. Be3 c6 14.
Qd2 Kh7 15. Rad1 a4 16. Nxc6 Ncxe4 17. Nxd8 Nxd2 18. Nxf7 Nxf1 19. Kxf1 Be6 20. Nxd6 Red8 21. c5 a3 22. b3 Bg8 23. Nxb7 Rdb8 24. c6 Rc8 25.
Na4 Rxc6 26. Nac5 Nd5 27. Bf2 Nc3 28. Rd7 Kh8 29. Rxg7 Kxg7 30. Bd4+ Kf7 31. Bxc3 Re8 32. Rd1 g5 33. Nd6+ 1-0

[Event "*** Titled Tuesday Blitz"]
[Site "Chess.com"]
[Date "2018.04.03"]
[Round "10"]
[White "Caisachess"]
[Black "simplerXiao"]
[Result "0-1"]
[WhiteElo "2193"]
[BlackElo "2377"]
[TimeControl "180+2"]
[EndTime "15:13:33 PDT"]
[Termination "simplerXiao won by resignation"]

1. e4 c5 2. c3 Nf6 3. e5 Nd5 4. d4 cxd4 5. Nf3 Nc6 6. cxd4 d6 7.
Bc4 Nb6 8. Bxf7+ Kxf7 9. e6+ Kxe6 10. Ng5+ Kd7 11. d5 Qe8 12. Nc3 Ne5 13. O-O Kd8 14. f4 h6 15. fxe5 hxg5 16. e6 Nc4 17. Bxg5 b6 18. Qe2 Ne5 19. Bf4 Ng6 20. Bg3 Bb7 21. Rac1 Rc8 22. Qe4 Ba6 23. Rf7 Rh6 24. Bxd6 Nh8 25.
Rf5 exd6 26. Qf4 Be7 27. Rf1 Bxf1 28. Qxf1 Rf6 0-1

[Event "*** Titled Tuesday Blitz"]
[Site "Chess.com"]
[Date "2018.04.03"]
[Round "10"]
[White "Albertu"]
[Black "DiogenesSinopeus"]
[Result "1-0"]
[WhiteElo "2234"]
[BlackElo "2414"]
[TimeControl "180+2"]
[EndTime "15:13:37 PDT"]
[Termination "Albertu won by resignation"]

1. e4 e5 2. Nf3 Nc6 3. Bb5 a6 4. Ba4 d6 5. c3 f5 6. d3 Nf6 7.
Bg5 Be7 8. O-O fxe4 9. dxe4 O-O 10. Bxf6 Bxf6 11. Qd5+ Kh8 12. Bxc6 bxc6 13. Qxc6 Bg4 14. Nbd2 a5 15. h3 Bh5 16. Nh2 Rb8 17. b3 Be8 18. Qd5 Bg5 19. c4 Qf6 20. Qxa5 Bh5 21. Ndf3 Rf7 22. Nxg5 Qxg5 23. Qc3 Bg6 24. Qg3 Qd2 25. Qe3 Qc2 26. f3 Rff8 27. Rf2 1-0

[Event "*** Titled Tuesday Blitz"]
[Site "Chess.com"]
[Date "2018.04.03"]
[Round "10"]
[White "Orest_Vovk"]
[Black "Margency"]
[Result "0-1"]
[WhiteElo "2365"]
[BlackElo "2583"]
[TimeControl "180+2"]
[EndTime "15:13:39 PDT"]
[Termination "Margency won by resignation"]

1. g4 d5 2. h3 e5 3. Bg2 c6 4. d4 e4 5. c4 Bd6 6. Nc3 Ne7 7. Qb3 O-O 8. Bg5 f6 9. Bd2 Kh8 10. cxd5 cxd5 11. Nxd5 Be6 12. Bxe4 Nbc6 13. e3 Bc7 14. Qxb7 Bxd5 15. Bxd5 Qxd5 16. f3 Bg3+ 17. Kf1 Qc4+ 18. Kg2 Rab8 19. Qd7 Rfd8 20. Rc1 Qxa2 21. Qxd8+ Rxd8 22. Kxg3 Qxb2 23. Rh2 h5 24. Rc5 Rd5 25. Rc4 g5 26. Re2 h4+ 27. Kg2 Qb3 28. Rc3 Qb8 29. Be1 Rb5 30. Rcc2 Rb1 31. Bf2 Qb5 32. e4 Nb4 33.
Rc7 Rxg1+ 34. Kxg1 Qxe2 35. Rxe7 Nd3 0-1

[Event "*** Titled Tuesday Blitz"]
[Site "Chess.com"]
[Date "2018.04.03"]
[Round "10"]
[White "schoolmeester"]
[Black "wonderfultime"]
[Result "0-1"]
[WhiteElo "2707"]
[BlackElo "2768"]
[TimeControl "180+2"]
[EndTime "15:13:43 PDT"]
[Termination "wonderfultime won by resignation"]

1. e4 c5 2. Nf3 d6 3. d4 cxd4 4. Nxd4 Nf6 5. Nc3 g6 6. Be3 Bg7 7. f3 Nc6 8. Qd2 O-O 9. g4 Be6 10. h4 d5 11. O-O-O dxe4 12. h5 Nxd4 13. Bxd4 exf3 14. hxg6 fxg6 15. Qe1 Qc8 16. g5 Nh5 17.
Bxg7 Nxg7 18. Bd3 Qc5 19. Ne4 Qe5 20. Kb1 Rf4 21. Rh6 Raf8 22. Qh1 Rxe4 23. Bxe4 Qxe4 24.
Rxh7 Nh5 25. Re1 Qd5 26. Rxe7 Qxa2+ 27. Kc1 Rd8 28. c3 Bf5 29. Re8+ Rxe8 30. Rxe8+ Kf7 0-1

[Event "*** Titled Tuesday Blitz"]
[Site "Chess.com"]
[Date "2018.04.03"]
[Round "10"]
[White "EmeseBalogh"]
[Black "Eliwood44"]
[Result "1-0"]
[WhiteElo "1970"]
[BlackElo "2176"]
[TimeControl "180+2"]
[EndTime "15:13:45 PDT"]
[Termination "EmeseBalogh won by checkmate"]

1. e4 e5 2. Nf3 Nc6 3. d4 exd4 4. Bc4 Nf6 5. e5 d5 6. Bb5 Ne4 7. Nxd4 Bd7 8. Bxc6 bxc6 9. O-O Bc5 10. Be3 Bb6 11. c3 c5 12. Nb3 c4 13. Nd4 c5 14.
Ne2 Bc6 15. f3 Ng5 16. f4 Ne4 17. Nd2 d4 18. cxd4 cxd4 19. Nxe4 Qd5 20. N2g3 dxe3 21. Qxd5 e2+ 22. Rf2 Bxd5 23. Nd6+ Kd7 24. Nxe2 Rab8 25.
Rd1 Bxf2+ 26. Kxf2 Kc6 27. Nc3 Rxb2+ 28. Ke3 Bxg2 29.
Nxc4 Rbb8 30. Rd6+ Kc7 31. Nd5+ Bxd5 32. Rxd5 Rhg8 33.
Nd6 Rgf8 34. Kd4 Rb2 35. Nc4 Rxa2 36. Rc5+ Kb7 37. Kd5 Rxh2 38. Nd6+ Kb6 39. Rc6+ Ka5 40. Kc5 Rc2+ 41. Nc4+ Ka4 42. Ra6+ Kb3 43. Ra3# 1-0

[Event "*** Titled Tuesday Blitz"]
[Site "Chess.com"]
[Date "2018.04.03"]
[Round "10"]
[White "Generalas"]
[Black "Blitzstream"]
[Result "0-1"]
[WhiteElo "2179"]
[BlackElo "2449"]
[TimeControl "180+2"]
[EndTime "15:13:53 PDT"]
[Termination "Blitzstream won by resignation"]

1. e4 d5 2. exd5 Qxd5 3. Nc3 Qa5 4. b4 Qxb4 5. Rb1 Qd6 6. d4 Nf6 7. Nf3 c6 8. Bc4 b5 9. Bb3 Bg4 10. Be3 e6 11. O-O Be7 12. h3 Bh5 13. a4 b4 14.
Na2 a5 15. c4 O-O 16. Nc1 Ne4 17. c5 Qc7 18. Rb2 Nd7 19. Nd3 Nc3 20. Qd2 Bxf3 21.
gxf3 Bf6 22. Bf4 e5 23. dxe5 Nxe5 24. Qe3 Rae8 25. Re1 Nxd3 26. Bxc7 Rxe3 27. Rxe3 Nxb2 28. Bxa5 Bd4 29. Re7 Bxc5 30. Rc7 Ne2+ 31. Kf1 Nd4 32. Bd5 cxd5 33. Rxc5 Nb3 34. Rxd5 Nxa5 35. Rxa5 Rb8 36. Ke2 Kf8 37. Ra7 Nc4 38. Kd3 b3 0-1

[Event "*** Titled Tuesday Blitz"]
[Site "Chess.com"]
[Date "2018.04.03"]
[Round "10"]
[White "lachesisQ"]
[Black "Korchmar_Vasiliy"]
[Result "1-0"]
[WhiteElo "2899"]
[BlackElo "2675"]
[TimeControl "180+2"]
[EndTime "15:14:10 PDT"]
[Termination "lachesisQ won by resignation"]

1. e4 e5 2. Nf3 Nc6 3. Bb5 a6 4. Ba4 Nf6 5. O-O Be7 6. d3 b5 7. Bb3 O-O 8. a3 d6 9. Nc3 Na5 10. Ba2 Be6 11. b4 Bxa2 12. Nxa2 Nc6 13. c4 Nb8 14. Nc3 c6 15. h3 Nbd7 16. Be3 Re8 17. a4 a5 18. axb5 axb4 19. bxc6 bxc3 20.
cxd7 Nxd7 21. Qc2 Nf8 22. Qxc3 Ne6 23. Rxa8 Qxa8 24. Ra1 Qb7 25. Nd2 Ra8 26. Rb1 Qc8 27. Qb3 Bg5 28. Bxg5 Nxg5 29. Qb7 Qf8 30. c5 dxc5 31.
Nc4 f6 32. Qd5+ Kh8 33. h4 Rd8 34. hxg5 Rxd5 35. exd5 fxg5 36. d6 h5 37. d7 Qd8 38.
Nxe5 Kh7 39. Rb7 Kg8 40. Nc6 1-0

[Event "*** Titled Tuesday Blitz"]
[Site "Chess.com"]
[Date "2018.04.03"]
[Round "10"]
[White "abubakrtagelsir"]
[Black "toad"]
[Result "1-0"]
[WhiteElo "2273"]
[BlackElo "2231"]
[TimeControl "180+2"]
[EndTime "15:14:17 PDT"]
[Termination "abubakrtagelsir won on time"]

1. e4 c5 2. Nc3 d6 3. f4 g6 4. Nf3 Bg7 5. Bb5+ Bd7 6. Bc4 e6 7.
O-O Ne7 8. d4 cxd4 9. Nxd4 Nbc6 10. Ndb5 Qb6+ 11. Kh1 O-O 12. Qxd6 Rfd8 13. Na4 Qa5 14.
Nc5 Be8 15. Nxb7 Rxd6 16. Nxa5 Rdd8 17. Nb7 Rdb8 18. N7d6 Na5 19. Nc7 Nxc4 20. Nxc4 Rc8 21. Nxa8 Rxc4 22. f5 gxf5 23. exf5 Nxf5 24. Bf4 Rxc2 25.
Rac1 Rxc1 26. Rxc1 Bb5 27. Rc8+ Bf8 28. g4 1-0

[Event "*** Titled Tuesday Blitz"]
[Site "Chess.com"]
[Date "2018.04.03"]
[Round "10"]
[White "eldur16"]
[Black "OparinGrigoriy"]
[Result "0-1"]
[WhiteElo "2578"]
[BlackElo "2824"]
[TimeControl "180+2"]
[EndTime "15:14:18 PDT"]
[Termination "OparinGrigoriy won by resignation"]

1. e4 c5 2. Ne2 d6 3. g3 d5 4. d3 dxe4 5. dxe4 Qxd1+ 6. Kxd1 Nc6 7. Bg2 Bg4 8. f3 O-O-O+ 9. Ke1 Bd7 10. Be3 e5 11. c3 Be6 12. Na3 a6 13. Kf2 Kc7 14. Nc2 Bd6 15. Rhd1 Nge7 16. b3 f6 17. Rab1 b5 18.
a3 Nc8 19. b4 c4 20. Rd2 Nb6 21. Rbd1 Na4 22. f4 Bg4 23. Bf3 Be6 24. f5 Bf7 25. g4 h6 26. Ne1 Be7 27. h4 Rxd2 28. Rxd2 a5 29. Ng2 Ra8 30. Kg3 axb4 31. axb4 Nb6 32.
Bf2 Ra3 33. Ne3 Na4 34. Rc2 Bd6 35. g5 hxg5 36. hxg5 Nd4 37. cxd4 exd4+ 38. Kg4 dxe3 39. Bg3 Rd3 40. Bf4 c3 41. gxf6 gxf6 42. Bxd6+ Kxd6 43. Kf4 Bb3 44. Rc1 c2 45. Ng3 Nc3 46. e5+ fxe5+ 47.
Kg5 e2 48. f6 Rxf3 0-1

[Event "*** Titled Tuesday Blitz"]
[Site "Chess.com"]
[Date "2018.04.03"]
[Round "10"]
[White "temiksmozg"]
[Black "Jospem"]
[Result "1-0"]
[WhiteElo "2559"]
[BlackElo "2720"]
[TimeControl "180+2"]
[EndTime "15:14:25 PDT"]
[Termination "temiksmozg won by resignation"]

1. d4 Nf6 2. c4 e6 3. Nc3 Bb4 4. e3 O-O 5. Ne2 d5 6. a3 Bd6 7. cxd5 exd5 8. g3 Re8 9. Bg2 c6 10. O-O b6 11. h3 Bb7 12. g4 Nbd7 13. f4 Nf8 14. Ng3 g6 15. g5 N6d7 16. e4 dxe4 17. Ngxe4 Bb8 18. f5 gxf5 19. Rxf5 Ng6 20. Qh5 Qc7 21.
Bf4 Qxf4 22. Rxf4 Bxf4 23. Rf1 Rad8 24. Qf3 c5 25. dxc5 bxc5 26. h4 f5 27. gxf6 Nde5 28. f7+ Kg7 29. fxe8=Q Rxe8 30. Qh5 Rf8 31. Ng5 Be3+ 32.
Kh2 Rxf1 33. Qxh7+ Kf8 34. Ne6+ Ke8 35. Bxf1 Nf4 36. Bb5+ 1-0

[Event "*** Titled Tuesday Blitz"]
[Site "Chess.com"]
[Date "2018.04.03"]
[Round "10"]
[White "GMAkobianSTL"]
[Black "maximlavrov"]
[Result "0-1"]
[WhiteElo "2659"]
[BlackElo "2452"]
[TimeControl "180+2"]
[EndTime "15:14:29 PDT"]
[Termination "maximlavrov won on time"]

1. d4 g6 2. c4 Bg7 3. Nf3 d6 4. Nc3 e5 5. Bg5 f6 6. Bd2 Nc6 7. d5 Nce7 8. e4 f5 9. Bd3 Nf6 10.
Qc2 O-O 11. O-O-O c6 12. h3 cxd5 13. cxd5 b5 14. Bg5 b4 15. Bxf6 Bxf6 16. Ne2 fxe4 17. Bxe4 Qb6 18. Ng3 Bd7 19. Kb1 a5 20. Rc1 Rfc8 21.
Qd2 b3 22. a3 a4 23. Ng5 Kg7 24. h4 Rxc1+ 25. Rxc1 Rc8 26. Rxc8 Bxc8 27. h5 h6 28. Ne6+ Bxe6 29. dxe6 d5 30. Bxd5 Qd6 31. hxg6 Qxd5 32. Nf5+ Kf8 33. Qxh6+ Ke8 34. Ne3 Qd3+ 35. Kc1 Nxg6 36.
Qh7 Bg5 37. Qg8+ Ke7 38. Qf7+ Kd8 39. Qg8+ Kc7 40. Qf7+ Kb6 0-1

[Event "*** Titled Tuesday Blitz"]
[Site "Chess.com"]
[Date "2018.04.03"]
[Round "10"]
[White "pultineviciuspaulius"]
[Black "dianosky"]
[Result "1-0"]
[WhiteElo "2592"]
[BlackElo "2301"]
[TimeControl "180+2"]
[EndTime "15:14:31 PDT"]
[Termination "pultineviciuspaulius won by resignation"]

1. d4 d5 2. c4 dxc4 3. Nf3 a6 4.
e3 Nf6 5. Bxc4 b5 6. Bb3 Bb7 7. O-O e6 8. Nc3 c5 9. Qe2 Nbd7 10. a3 Qc7 11. Rd1 c4 12. Bc2 e5 13. e4 exd4 14. Nxd4 Bc5 15. Be3 O-O 16. f4 Nb6 17.
Nf5 Rfe8 18. e5 Nfd5 19. Nxd5 Nxd5 20. Bxc5 Qxc5+ 21. Rd4 Nxf4 22. Qf2 Ng6 23. Nd6 Bd5 24. Rad1 Be6 25. Nxe8 Rxe8 26. Rd8 Qxf2+ 27. Kxf2 Kf8 28. Rxe8+ Kxe8 29. Bxg6 hxg6 30. Rd6 a5 31. Rb6 Bd7 32. Ke3 Ke7 33. Kd4 a4 34. Kc5 Be8 35. Rxb5 Bxb5 36. Kxb5 Ke6 37. Kxa4 Kxe5 38. Kb5 Kd5 39. a4 g5 40. a5 g4 41. a6 f5 42. a7 1-0

[Event "*** Titled Tuesday Blitz"]
[Site "Chess.com"]
[Date "2018.04.03"]
[Round "10"]
[White "ShimanovAlex"]
[Black "gkchesstiger"]
[Result "0-1"]
[WhiteElo "2717"]
[BlackElo "2799"]
[TimeControl "180+2"]
[EndTime "15:14:36 PDT"]
[Termination "gkchesstiger won by resignation"]

1. e4 c5 2. Nc3 Nc6 3. Bb5 Nd4 4.
Nf3 e6 5. Bd3 Nxf3+ 6. Qxf3 Ne7 7.
O-O Nc6 8. Qg3 a6 9. b3 h5 10. Bb2 h4 11. Qe3 h3 12. g3 b6 13. Ne2 Bb7 14. f4 Nb4 15. f5 Qc7 16. Qg5 Qd6 17.
Nf4 e5 18. Nh5 Nxd3 19. Nxg7+ Bxg7 20. Qxg7 O-O-O 21. cxd3 Qxd3 22. Qxe5 Rde8 23. Qf4 Rxe4 24. Qf3 Qxf3 25. Rxf3 Rhe8 26. Raf1 d6 27. Rf4 Re2 28.
R4f2 Bg2 29. Rxe2 Rxe2 30. Rf4 Rxd2 31. Bg7 Rxa2 32. g4 Bd5 33. Bf6 Rg2+ 34. Kf1 Rxh2 35.
g5 Rg2 0-1

[Event "*** Titled Tuesday Blitz"]
[Site "Chess.com"]
[Date "2018.04.03"]
[Round "10"]
[White "Aariow"]
[Black "TomPolgar"]
[Result "1-0"]
[WhiteElo "2356"]
[BlackElo "2216"]
[TimeControl "180+2"]
[EndTime "15:14:39 PDT"]
[Termination "Aariow won by resignation"]

1. Nf3 Nf6 2. g3 g6 3. b3 Bg7 4. Bb2 O-O 5. Bg2 d5 6. c4 c5 7. cxd5 Nxd5 8. Bxg7 Kxg7 9. O-O Nc6 10. d4 cxd4 11. Nxd4 Nxd4 12. Qxd4+ Nf6 13. Qe5 Qb6 14. Nc3 Be6 15. Na4 Qb4 16. Nc5 Bd5 17. Nd3 Qd6 18.
Qxd6 exd6 19. Rfd1 Bxg2 20. Kxg2 Rac8 21. Nf4 Rfd8 22. Rd2 Kf8 23. f3 Ke7 24. e4 g5 25.
Ne2 g4 26. Nd4 gxf3+ 27. Kxf3 d5 28. Nf5+ Ke6 29. Ng7+ Ke5 30. exd5 Rc3+ 31. Kg2 Nxd5 32. Re1+ Kf6 33. Nh5+ Kg5 34. Re5+ f5 35. h4+ Kxh5 36. Rdxd5 Rxd5 37. Rxd5 Rc2+ 38. Kf3 Rxa2 39. g4+ Kxh4 40. Rxf5 Ra5 41. Rxa5 1-0

[Event "*** Titled Tuesday Blitz"]
[Site "Chess.com"]
[Date "2018.04.03"]
[Round "10"]
[White "PulpanJ"]
[Black "Man-Chuk"]
[Result "0-1"]
[WhiteElo "2448"]
[BlackElo "2683"]
[TimeControl "180+2"]
[EndTime "15:14:43 PDT"]
[Termination "Man-Chuk won by resignation"]

1. e4 e5 2. Nf3 Nc6 3. Bb5 a6 4. Ba4 Nf6 5. O-O Nxe4 6. d4 b5 7. Bb3 d5 8. dxe5 Be6 9. c3 Bc5 10. Qe2 O-O 11. Nbd2 Bf5 12. a3 Re8 13. Nxe4 dxe4 14. Ng5 Nxe5 15. Bf4 h6 16. Bxe5 Qxg5 17. Bxc7 e3 18. Kh1 exf2 19. Qf3 Ra7 20. Bf4 Qg6 21. Bd5 Rae7 22. Bg3 Bd3 23. Bxf2 Bxf2 24. Rxf2 Re1+ 25. Rf1 Bxf1 26. Rxe1 Bxg2+ 27. Qxg2 Rxe1+ 28. Qg1 Rb1 29. Bxf7+ 0-1

[Event "*** Titled Tuesday Blitz"]
[Site "Chess.com"]
[Date "2018.04.03"]
[Round "10"]
[White "PowerThinking2650"]
[Black "aa175"]
[Result "0-1"]
[WhiteElo "2205"]
[BlackElo "1948"]
[TimeControl "180+2"]
[EndTime "15:14:43 PDT"]
[Termination "aa175 won by checkmate"]

1. e4 e5 2. Nf3 f5 3. Nxe5 Nc6 4. Nxc6 dxc6 5. exf5 Bxf5 6. Bc4 Qh4 7. Qe2+ Kd7 8. d3 b5 9. Bb3 Bc5 10. O-O Nf6 11. Qf3 Bg4 12. Qg3 Qxg3 13. hxg3 h5 14.
c3 h4 15. d4 Bd6 16. gxh4 Rxh4 17. f3 Bg3 18. Rd1 Rh1+ 19. Kxh1 Bf2 20. Bf4 Rh8+ 21. Bh2 Nh5 22. Be6+ Kxe6 23. d5+ Kd7 24.
dxc6+ Kc8 25. Rd8+ Kxd8 26. g3 Bxf3# 0-1

[Event "*** Titled Tuesday Blitz"]
[Site "Chess.com"]
[Date "2018.04.03"]
[Round "10"]
[White "GameOverBro"]
[Black "Tramontanaaa"]
[Result "1-0"]
[WhiteElo "2417"]
[BlackElo "2368"]
[TimeControl "180+2"]
[EndTime "15:14:51 PDT"]
[Termination "GameOverBro won by resignation"]

1. e4 c5 2. Ne2 Nf6 3. Nbc3 d6 4. g3 Nc6 5. Bg2 e6 6. O-O Be7 7. d3 Nd7 8. f4 a6 9. f5 Nde5 10. Nf4 Nd4 11. fxe6 fxe6 12. Nh5 Bf6 13. Bh6 O-O 14. Rxf6 Rxf6 15. Nxf6+ Qxf6 16. Bf4 Bd7 17. Ne2 Rf8 18.
Nxd4 cxd4 19. Qe2 Qe7 20. Rf1 Nc6 21. Bh3 Rc8 22. Qg4 Nb4 23. Bg5 Qe8 24. Bf6 Qg6 25. Qxg6 hxg6 26. Bxd4 Rxc2 27. Rf3 Rd2 28. Bf1 Bb5 29.
Bc3 Rxd3 30. Bxd3 Nxd3 31. a4 Bc4 32. b3 1-0

[Event "*** Titled Tuesday Blitz"]
[Site "Chess.com"]
[Date "2018.04.03"]
[Round "10"]
[White "andante"]
[Black "TastyFrenchFries"]
[Result "0-1"]
[WhiteElo "2192"]
[BlackElo "2321"]
[TimeControl "180+2"]
[EndTime "15:14:58 PDT"]
[Termination "TastyFrenchFries won on time"]

1. d4 e6 2. Nf3 Nf6 3. Bg5 Be7 4. Qd3 h6 5. Bh4 d5 6. Nbd2 O-O 7. e4 Nxe4 8. Bxe7 Qxe7 9. Nxe4 dxe4 10. Qxe4 Qb4+ 11. Nd2 f5 12. Qe3 Qxb2 13. Rb1 Qxc2 14. Bc4 f4 15.
Qe2 Nc6 16. Bd3 Qxa2 17. Qe4 Rf5 18. Bc4 Qa5 19. O-O Rf6 20. Nf3 Qf5 21. Qe2 Qg4 22. Rb5 Rg6 23. g3 fxg3 24. fxg3 Nxd4 25. Nxd4 Qxd4+ 26. Kg2 Bd7 27. Rb4 Qc5 28. Rb2 Bc6+ 29. Kh3 Rd8 30. Bxe6+ Kh8 31. Bg4 Rxg4 32. Qxg4 Bd7 0-1

[Event "*** Titled Tuesday Blitz"]
[Site "Chess.com"]
[Date "2018.04.03"]
[Round "10"]
[White "Bauxi435"]
[Black "Triumphmate"]
[Result "1/2-1/2"]
[WhiteElo "2395"]
[BlackElo "2162"]
[TimeControl "180+2"]
[EndTime "15:15:06 PDT"]
[Termination "Game drawn by stalemate"]

1. d4 Nf6 2. c4 e6 3. Nc3 Bb4 4. Bg5 h6 5. Bh4 d5 6. cxd5 exd5 7. e3 O-O 8. Bd3 c6 9. Ne2 Be6 10. O-O Nbd7 11. f3 Re8 12. e4 dxe4 13. fxe4 Be7 14.
e5 Ng4 15. Bxe7 Qxe7 16. Qd2 Rad8 17. h3 Ngxe5 18. dxe5 Nxe5 19. Nf4 Bc4 20. Rae1 Qc5+ 21. Qe3 Qxe3+ 22. Rxe3 Nxd3 23. Rxe8+ Rxe8 24. Nxd3 Bxd3 25. Rd1 Ba6 26. Rd7 Re1+ 27. Kf2 Rc1 28. Rd2 Rf1+ 29. Ke3 Bc4 30. b3 Be6 31. Ne2 g5 32. Ng3 Re1+ 33. Kf2 Rc1 34. Rd8+ Kg7 35. Nh5+ Kg6 36. g4 Rc2+ 37. Ke3 f5 38. Rd6 fxg4 39. hxg4 Kf7 40. Ng3 Bxg4 41. Ne4 Re2+ 42. Kd3 Re1 43. Rxh6 Bf5 44.
Kd4 Rxe4+ 45. Kc5 Re5+ 46. Kd6 Re6+ 47. Rxe6 Bxe6 48. Ke5 g4 49. Kf4 Kg6 50. b4 Bxa2 51.
Kxg4 b5 52. Kf4 Bd5 53. Ke5 Kg5 54. Kd4 Kf4 55. Kc5 Ke5 1/2-1/2

[Event "*** Titled Tuesday Blitz"]
[Site "Chess.com"]
[Date "2018.04.03"]
[Round "10"]
[White "Firouzja2003"]
[Black "Vincent_Vega95"]
[Result "0-1"]
[WhiteElo "2723"]
[BlackElo "2574"]
[TimeControl "180+2"]
[EndTime "15:15:07 PDT"]
[Termination "Vincent_Vega95 won by resignation"]

1. d4 Nf6 2. Nf3 g6 3. g3 Bg7 4. Bg2 O-O 5. O-O d6 6. c4 Nc6 7. Nc3 Bg4 8. b3 Nd7 9. e3 e5 10. Ne2 a5 11. Bb2 Re8 12. dxe5 Ndxe5 13. Nxe5 Nxe5 14.
Qc2 Bf3 15. Bxf3 Nxf3+ 16. Kg2 Ne5 17. Nf4 c6 18. Rad1 Qc7 19. Nd3 a4 20. Nxe5 Bxe5 21. Bxe5 dxe5 22. b4 a3 23. c5 e4 24. Rd4 Qe5 25. Rfd1 Re7 26. Qc3 Kg7 27. Rc4 Qxc3 28. Rxc3 Ra4 29. Rd4 f5 30. Kf1 Kf6 31. Ke2 Ke6 32. Kd2 Rd7 33. Rc4 g5 34. Kc3 Rf7 35. Kb3 Ra8 36. g4 Re8 37. gxf5+ Kxf5 38. Kxa3 Rfe7 39. h3 Kg6 40. Ka4 Kh5 41. Ka5 Kh4 42.
Kb6 h5 43. a4 Kxh3 44. b5 h4 45. bxc6 bxc6 46. a5 Kg2 47. Rc2 h3 48. f4+ Kf3 49. fxg5 Kxe3 50. Ra4 Kf3 51. a6 e3 52. a7 e2 53. Rxe2 Rxe2 54. a8=Q Rxa8 55. Rxa8 Re6 56. Rd8 h2 57. Rd6 Rxd6 58. cxd6 h1=Q 59. d7 Qh8 60. Kc7 Qe5+ 61. Kxc6 Qxg5 62. Kc7 Qc5+ 63. Kd8 Kf4 64. Ke8 Qe5+ 65. Kf7 Qd6 66. Ke8 0-1

[Event "*** Titled Tuesday Blitz"]
[Site "Chess.com"]
[Date "2018.04.03"]
[Round "10"]
[White "florianschwabeneder"]
[Black "Fins0905"]
[Result "0-1"]
[WhiteElo "2382"]
[BlackElo "2581"]
[TimeControl "180+2"]
[EndTime "15:15:11 PDT"]
[Termination "Fins0905 won by resignation"]

1. b3 d5 2. Bb2 Bg4 3. h3 Bh5 4. g4 Bg6 5. Nf3 e6 6. d3 Nd7 7. Nbd2 h6 8. e3 Ngf6 9. Nh4 Bh7 10. Qe2 Bb4 11. a3 Bd6 12. f4 Qe7 13. Nhf3 e5 14.
fxe5 Nxe5 15. Bg2 O-O-O 16. O-O Rhe8 17. Rae1 Nxf3+ 18. Qxf3 Be5 19. Bxe5 Qxe5 20. b4 Qc3 21. Nb3 Qxc2 22. Nc5 Bxd3 23. Rc1 Qe2 24. Qf4 Qxe3+ 25. Qxe3 Rxe3 26. Rxf6 gxf6 27. Rc3 Re1+ 28. Kf2 Re2+ 29.
Kf3 Bb5 30. a4 d4 31. Ra3 Bc4 32. Bf1 Rc2 33. Bg2 Rc3+ 34. Rxc3 dxc3 0-1